Map: Jagannatha LE

Players

ziGGy

  • Race: Terran Terran

Denver - Winner!

  • Race: Zerg Zerg

Event: DreamHack SC2 Masters 2021 Fall

VOD

Have the link to the VOD?

Description

Time

  • Played on: July 30, 2021, 12:50 p.m.
  • Length: 18:05

All games in this series

Show
View Real Time Build Order
Export as new Build Order

ziGGy Terran 

Build Orders:  

Get SALT Encoding   

  12  0:00  SCV  
  13  0:12  SCV  
  14  0:17  Supply Depot  
  14  0:24  SCV  
  15  0:39  SCV  
  15  0:42  Barracks  
  16  0:43  Refinery  
  16  0:51  SCV  
  17  0:59  Barracks  
  17  1:03  SCV  
  18  1:15  SCV  
  19  1:28  Reaper  
  19  1:29  Orbital Command  
  20  1:37  Barracks  
  20  1:41  Refinery  
  20  1:46  Reaper  
  21  1:52  Supply Depot  
  21  1:56  SCV  
  22  2:02  Reaper  
  23  2:14  SCV  
  24  2:18  Reaper  
  25  2:25  Reaper  
  26  2:35  Reaper  
  27  2:38  Command Center  
  27  2:50  Reaper, Supply Depot, SCV  
  29  2:57  Reaper  
  30  3:02  SCV  
  31  3:11  Reaper  
  32  3:14  SCV  
  33  3:22  Reaper  
  33  3:26  SCV  
  33  3:29  Reaper  
  34  3:39  SCV  
  35  3:43  Reaper  
  35  3:45  Command Center  
  36  3:51  SCV, Orbital Command  
  36  3:54  Reaper  
  36  4:01  Factory  
  34  4:03  SCV  
  35  4:12  Refinery  
  35  4:15  SCV  
  35  4:17  SCV  
  37  4:18  Marine  
  39  4:27  SCV  
  39  4:29  SCV, Factory  
  40  4:39  SCV  
  40  4:41  SCV  
  40  4:43  Marine  
  40  4:45  Factory Tech Lab  
  43  4:49  Factory  
  43  4:51  SCV  
  44  4:53  SCV  
  44  4:55  Refinery  
  44  4:58  Orbital Command  
  45  5:02  Barracks Tech Lab  
  45  5:03  SCV  
  45  5:05  SCV  
  47  5:08  Cyclone  
  47  5:09  Infernal Pre-Igniter  
  50  5:14  Factory Reactor  
  50  5:15  SCV  
  50  5:17  SCV  
  52  5:27  SCV  
  53  5:29  SCV x2, Factory  
  53  5:33  Factory Reactor  
  55  5:40  SCV  
  55  5:41  SCV x2  
  59  5:46  Supply Depot  
  59  5:47  Supply Depot  
  59  5:50  Supply Depot  
  59  5:52  SCV, Cyclone  
  59  5:53  SCV x2  
  59  5:54  Hellion x2  
  68  5:58  Factory  
  68  6:04  SCV  
  69  6:06  Orbital Command  
  69  6:09  SCV  
  70  6:13  Hellion x2  
  70  6:14  Factory Tech Lab  
  70  6:15  Hellion x2  
  70  6:16  SCV  
  79  6:21  SCV  
  79  6:25  Cyclone  
  83  6:27  Engineering Bay  
  83  6:28  Supply Depot, SCV  
  84  6:33  SCV x2  
  84  6:35  Hellion x2  
  90  6:40  SCV  
  90  6:42  Hellion  
  90  6:45  Mag-Field Accelerator  
  93  6:48  Hellion  
  93  6:49  SCV  
  93  6:51  SCV  
  90  6:54  Factory Tech Lab, Cyclone  
  90  6:57  Hellion  
  90  6:58  Hellion  
  90  7:00  SCV  
  95  7:04  SCV  
  95  7:06  Cyclone  
  95  7:07  Hellion  
  101  7:14  Supply Depot  
  101  7:15  Supply Depot, SCV x2  
  97  7:27  Cyclone  
  97  7:28  Cyclone  
  97  7:29  SCV x2, Hellion x2  
  106  7:33  SCV  
  107  7:37  Hellion  
  107  7:39  Hellion  
  107  7:40  Refinery  
  107  7:42  SCV  
  112  7:48  Armory  
  112  7:49  SCV  
  112  7:50  Armory, Hellion  
  115  7:52  SCV  
  115  7:56  Cyclone  
  117  7:59  SCV, Hellion  
  117  8:01  SCV  
  117  8:03  Cyclone  
  117  8:04  Hellion  
  124  8:05  Hellion  
  124  8:06  SCV  
  124  8:11  SCV  
  122  8:14  Supply Depot x2  
  122  8:15  SCV  
  122  8:18  SCV  
  114  8:20  Refinery  
  114  8:23  SCV  
  115  8:28  SCV  
  115  8:30  Cyclone  
  115  8:31  Command Center  
  115  8:34  Hellion  
  121  8:35  SCV  
  121  8:38  Hellion x2  
  126  8:42  Cyclone  
  126  8:46  SCV  
  126  8:47  Terran Vehicle Weapons Level 1, Terran Vehicle And Ship Armor Level 1  
  128  8:57  SCV  
  128  8:58  Cyclone  
  128  9:03  Hellion x2  
  128  9:04  Siege Tank  
  128  9:05  SCV x2  
  128  9:06  Hellion  
  137  9:10  SCV  
  137  9:14  Siege Tank  
  141  9:18  Factory  
  141  9:19  Factory  
  141  9:21  Supply Depot  
  141  9:23  Supply Depot  
  141  9:37  SCV  
  141  9:39  SCV  
  141  9:40  Supply Depot x2  
  141  9:42  Siege Tank x2  
  147  9:46  Siege Tank, Starport  
  147  9:51  Supply Depot  
  147  9:52  Supply Depot  
  150  9:53  SCV  
  151  10:02  SCV x2  
  153  10:13  SCV x2  
  147  10:14  Siege Tank x2  
  147  10:16  SCV  
  147  10:17  SCV  
  147  10:18  Siege Tank  
  145  10:23  Factory Tech Lab x2  
  145  10:25  SCV x2  
  145  10:26  Hellion x2  
  145  10:27  Hellion x2, Starport Tech Lab  
  155  10:29  SCV x2  
  157  10:37  SCV  
  157  10:39  Planetary Fortress  
  157  10:41  SCV x2, Missile Turret  
  157  10:42  Missile Turret  
  160  10:46  Siege Tank  
  160  10:49  SCV  
  164  10:53  SCV x2  
  164  10:55  Siege Tank x2  
  162  11:01  SCV  
  119  11:05  SCV x2  
  119  11:09  Siege Tank x2  
  104  11:13  SCV  
  104  11:16  SCV  
  104  11:17  SCV  
  97  11:18  Siege Tank  
  99  11:26  SCV  
  99  11:27  Siege Tank  
  99  11:28  SCV, Hellion x3  
  99  11:29  SCV  
  105  11:32  Siege Tank  
  105  11:38  SCV  
  103  11:40  Terran Vehicle Weapons Level 2  
  103  11:41  Siege Tank x2  
  103  11:47  Hellion  
  110  11:49  Hellion  
  110  11:50  Siege Tank  
  115  11:56  Orbital Command  
  115  11:58  SCV x2  
  115  11:59  Siege Tank  
  103  12:10  SCV x2  
  103  12:22  SCV x2  
  96  12:23  Cyclone x2  
  96  12:29  SCV  
  96  12:34  SCV x2  
  96  12:36  Siege Tank  
  93  12:41  SCV  
  94  12:46  SCV x2  
  94  12:50  Cyclone x2  
  102  12:53  SCV  
  103  12:58  SCV  
  103  13:01  Refinery, Cyclone  
  103  13:03  Hellion x2  
  111  13:07  Hellion  
  111  13:08  Hellion  
  115  13:14  Command Center  
  115  13:16  SCV x3  
  115  13:18  Cyclone  
  121  13:22  Terran Vehicle And Ship Armor Level 2  
  121  13:27  Hellion x2  
  121  13:28  SCV, Cyclone  
  121  13:30  SCV  
  130  13:35  SCV  
  130  13:38  Siege Tank  
  130  13:40  SCV  
  121  13:42  SCV  
  121  13:44  Cyclone  
  121  13:47  SCV  
  121  13:48  Hellion x3  
  121  13:52  SCV  
  121  13:54  SCV  
  121  13:55  Supply Depot  
  123  13:56  Supply Depot  
  123  13:57  Supply Depot  
  123  13:58  Supply Depot  
  123  14:01  Cyclone  
  126  14:15  SCV  
  126  14:16  SCV, Hellion  
  126  14:17  Hellion  
  132  14:20  SCV  
  133  14:26  Refinery x2, Siege Tank  
  136  14:33  Siege Tank  
  139  14:39  Siege Tank  
  142  14:56  Siege Tank  
  145  15:01  Siege Tank  
  148  15:09  Siege Tank  
  148  15:13  Missile Turret  
  148  15:14  Orbital Command  
  149  15:18  Missile Turret  
  149  15:20  Missile Turret  
  149  15:21  Missile Turret  
  144  15:22  Cyclone  
  144  15:36  Siege Tank  
  144  15:37  Siege Tank  
  131  15:44  SCV x3  
  134  15:55  Missile Turret  
  134  15:56  SCV x3  
  137  15:58  Missile Turret  
  137  16:00  SCV  
  137  16:04  Cyclone  
  137  16:08  SCV x3  
  143  16:14  Missile Turret  
  143  16:20  SCV  
  143  16:21  Siege Tank  
  139  16:25  SCV x2  
  139  16:32  SCV  
  131  16:37  SCV  
  131  16:39  SCV  
  132  16:44  SCV  
  133  16:49  SCV  
  133  16:51  SCV  
  135  17:00  Siege Tank x2  
  106  17:07  Missile Turret  
  96  17:10  SCV x2  
  96  17:15  Missile Turret  
  98  17:21  SCV  
  98  17:22  SCV  
  100  17:23  Cyclone x2  
  100  17:29  SCV  
  98  17:34  SCV  
  99  17:41  SCV  
  109  17:46  SCV  
Show
View Real Time Build Order
Export as new Build Order

Denver Zerg - Winner!

Build Orders: Pool First 

Get SALT Encoding   

  12  0:00  Drone  
  13  0:13  Overlord  
  13  0:18  Drone  
  14  0:31  Drone x2  
  14  0:35  Drone  
  17  0:38  Extractor  
  16  0:45  Drone  
  17  0:51  Spawning Pool  
  17  0:56  Drone  
  17  1:17  Hatchery  
  16  1:22  Drone  
  17  1:31  Drone  
  18  1:37  Metabolic Boost  
  18  1:44  Queen  
  20  1:48  Zergling x2  
  21  1:54  Overlord  
  21  1:59  Drone  
  22  2:13  Drone x2  
  24  2:20  Queen  
  26  2:23  Drone  
  26  2:29  Queen  
  27  2:31  Zergling x2  
  27  2:34  Overlord  
  30  2:43  Zergling x2  
  30  2:44  Zergling x2  
  32  2:55  Zergling x8  
  35  3:00  Queen  
  35  3:03  Zergling x4  
  38  3:13  Zergling x4  
  39  3:25  Zergling x10  
  43  3:32  Zergling x2  
  43  3:33  Overlord  
  43  3:34  Spore Crawler  
  41  3:41  Overlord  
  41  3:42  Drone x2  
  42  3:54  Drone x2  
  44  4:00  Hatchery  
  44  4:02  Drone  
  44  4:08  Drone x2  
  46  4:12  Drone  
  46  4:13  Drone x2  
  49  4:17  Drone  
  49  4:22  Drone x2  
  52  4:26  Queen  
  54  4:32  Zergling x2  
  54  4:33  Zergling x2  
  54  4:37  Evolution Chamber  
  55  4:40  Overlord  
  55  4:42  Drone x3  
  55  4:45  Overlord  
  58  4:56  Zergling x4  
  58  4:58  Overlord  
  60  5:01  Drone  
  60  5:02  Drone  
  62  5:08  Drone x3  
  62  5:11  Extractor  
  64  5:16  Drone x3  
  64  5:21  Drone x3  
  70  5:25  Drone x3  
  70  5:27  Zerg Ground Armor Level 1  
  73  5:35  Drone x3  
  76  5:38  Queen  
  76  5:39  Extractor, Overlord  
  77  5:45  Drone  
  77  5:46  Drone x4  
  82  5:54  Overlord  
  81  5:59  Overlord  
  81  6:01  Drone x6, Evolution Chamber  
  86  6:06  Baneling Nest  
  86  6:08  Overlord  
  85  6:12  Lair  
  85  6:14  Extractor, Zergling x2  
  85  6:15  Zergling x8  
  89  6:21  Drone  
  89  6:22  Drone x4  
  94  6:26  Zerg Melee Weapons Level 1  
  94  6:30  Drone x5  
  99  6:38  Spore Crawler  
  99  6:39  Zergling x8  
  101  6:48  Zergling x2  
  101  6:49  Zergling x8  
  101  6:53  Zergling x8  
  94  6:58  Roach Warren  
  94  6:59  Baneling x2  
  94  7:00  Baneling x3, Evolution Chamber  
  92  7:01  Drone x3  
  92  7:04  Extractor  
  92  7:06  Extractor  
  92  7:11  Drone x4  
  96  7:15  Drone  
  88  7:30  Zergling x16  
  88  7:31  Queen  
  88  7:32  Queen  
  88  7:34  Overlord x2  
  100  7:37  Glial Reconstitution, Overlord  
  100  7:40  Roach  
  100  7:42  Hatchery  
  101  7:45  Roach x3  
  105  7:52  Roach x3  
  105  7:53  Roach x3  
  114  7:59  Roach  
  114  8:00  Roach  
  114  8:08  Roach  
  114  8:09  Roach x3  
  117  8:18  Roach x3  
  119  8:25  Overlord  
  119  8:26  Roach x2  
  123  8:28  Zerg Missile Weapons Level 1, Zerg Ground Armor Level 2  
  123  8:31  Zergling x8  
  127  8:36  Hatchery  
  127  8:39  Ravager x2  
  127  8:40  Roach x5  
  128  8:47  Roach  
  124  8:50  Zergling x8  
  125  8:59  Roach x6  
  137  9:06  Roach x3  
  137  9:09  Burrow  
  133  9:11  Overlord  
  133  9:16  Roach x4  
  141  9:21  Centrifical Hooks  
  141  9:24  Roach  
  141  9:26  Overlord  
  144  9:33  Overlord  
  144  9:40  Baneling x9  
  144  9:43  Ravager x2  
  146  9:47  Infestation Pit  
  146  9:49  Zergling x22  
  146  9:50  Zergling x6  
  159  9:53  Overlord  
  159  9:54  Overlord  
  157  10:01  Overlord  
  149  10:08  Roach x6  
  158  10:21  Zergling x18  
  164  10:31  Baneling x16  
  164  10:32  Baneling x2  
  163  10:41  Roach Warren  
  162  10:45  Zergling x14  
  162  10:49  Roach  
  169  10:50  Zergling x2  
  169  10:51  Zergling x6  
  113  11:15  Zergling x10  
  113  11:16  Zergling x16  
  119  11:31  Roach  
  119  11:32  Roach x8  
  135  11:35  Ravager  
  135  11:36  Ravager x6  
  135  11:38  Drone x3  
  140  11:47  Baneling  
  140  11:48  Baneling x22  
  131  12:03  Roach x8  
  140  12:16  Zergling x10  
  140  12:17  Zergling x10  
  140  12:35  Roach x9  
  140  12:36  Roach  
  131  12:42  Ravager x9  
  140  12:48  Spire  
  139  12:56  Zergling x2  
  139  12:57  Zergling x12  
  146  13:04  Zergling x12  
  152  13:09  Drone  
  152  13:10  Drone x4  
  157  13:16  Zergling x10  
  162  13:22  Overlord  
  162  13:26  Zergling x12  
  168  13:30  Overlord  
  105  13:55  Roach x11  
  125  14:04  Hatchery  
  124  14:11  Mutalisk x7  
  138  14:31  Hatchery  
  138  14:36  Infestor x3  
  145  14:38  Drone x13  
  145  14:42  Zerg Flyer Weapons Level 1  
  145  14:44  Baneling x4  
  157  14:55  Baneling x8  
  157  14:56  Baneling x7  
  157  15:14  Zergling x2  
  157  15:15  Zergling x28  
  172  15:29  Baneling x10  
  163  15:43  Zergling x36  
  179  15:59  Hatchery  
  178  16:06  Roach  
  178  16:07  Roach x5  
  178  16:08  Overlord  
  190  16:11  Overlord  
  178  16:28  Zergling x2  
  178  16:29  Zergling x34  
  187  16:43  Hive  
  162  17:01  Mutalisk  
  162  17:02  Mutalisk x14  
  162  17:08  Extractor x2  
  188  17:15  Zergling x6  
  188  17:16  Zergling x20  
  195  17:26  Extractor x2  
  195  17:29  Drone x3  
  196  17:30  Drone x3  
  199  17:38  Baneling x23  
  199  17:42  Drone  

Tags
 
Add a new tag
Caveats
  • Supply blocks, unpowered buildings, or Contaminate may cause inaccurate times.
  • Supply counts are checked every 10 seconds.